 Dungeon Sprint DCSS version 0.29-a0-1006-g0dd7720b37 (webtiles) character file.

Game seed: 5041833840366563884

21 mhtbhm the Ruffian (level 2, -4/23 HPs)
             Began as a Draconian Transmuter on Aug 6, 2022.
             Slain by a wolf (8 damage)
             ... in the Dungeon (Sprint III: "The Ten Rune Challenge").
             The game lasted 00:00:37 (526 turns).

mhtbhm the Ruffian (Draconian Transmuter)            Turns: 526, Time: 00:00:38

Health: -4/23      AC:  4    Str: 12    XL:     2   Next: 62%
Magic:  3/6        EV: 12    Int: 13    God:
Gold:   11         SH:  0    Dex: 11    Spells: 4/7 levels left

rFire   . . .      SeeInvis .     - Unarmed
rCold   . . .      Faith    .   (no shield)
rNeg    . . .      Spirit   .   (body armour unavailable)
rPois   .          Reflect  .   (helmet currently unavailable)
rElec   .          Harm     .   (no cloak)
rCorr   .          Rampage  .   (no gloves)
Will    .....      NoTele   +   (boots currently unavailable)
Stlth   +.........              (no amulet)
HPRegen 0.07/turn               (no ring)
MPRegen 0.10/turn               (no ring)

@: appendages (expiring), wereblooded
A: horns 2, talons 2, AC +4, unfitting armour, cold-blooded
a: End Transformation


You were in the Dungeon.
You had temporarily grown beastly horns and talons.
You visited 1 branch You collected 11 gold pieces.

Inventory:

Scrolls
 g - a scroll of blinking
Potions
 a - a potion of lignification
 b - a potion of curing
 c - a potion of heal wounds
 d - a potion of haste
 e - 2 potions of magic


   Skills:
 + Level 1.2 Fighting
 + Level 2.4 Dodging
 + Level 4.6 Unarmed Combat
 + Level 3.0 Spellcasting
 + Level 3.0 Transmutations


You had 4 spell levels left.
You knew the following spells:

 Your Spells              Type           Power      Damage    Failure   Level
a - Beastly Appendage     Tmut           18%        N/A       7%          1
b - Wereblood             Tmut           9%         N/A       10%         2

Your spell library contained the following spells:

 Spells                   Type           Power      Damage    Failure   Level
 Apportation              Tloc           2%         N/A       22%         1
 Necrotise                Necr           4%         1d4       22%         1
 Summon Small Mammal      Summ           4%         N/A       22%         1
 Spider Form              Tmut/Pois      5%         N/A       36%         3
 Ice Form                 Ice/Tmut       5%         N/A       77%         4


Dungeon Overview and Level Annotations

Branches:
Dungeon (1/1)

Altars:


Innate Abilities, Weirdness & Mutations

You have temporarily grown beastly horns and talons.
Your plain brown scales are hard. (AC +4)
You cannot fit into any form of body armour.
You are cold-blooded and may be slowed by cold attacks.


Message History

Your transformation is almost over.
Your magical contamination has completely faded away.
You start resting.
Your horns disappear.
Your talons disappear.
Magic restored.
You start waiting.
You start waiting.
Done waiting.
Casting: Wereblood (safe; 10% risk of failure)
Confirm with . or Enter, or press ? or * to list all spells.
Your blood is infused with primal strength.
Casting: Wereblood (safe; 10% risk of failure)
Confirm with . or Enter, or press ? or * to list all spells.
You grow a pair of large bovine horns.
Your feet morph into talons.
A wolf comes into view.
The wolf howls!
You miss the wolf. Your kick misses the wolf. The wolf barely misses you. x2
You hit the wolf.
Your tail-slap misses the wolf.
The wolf is lightly wounded.
The wolf barely misses you.
You hit the wolf.
The wolf is moderately wounded.
The wolf closely misses you. x2
You hit the wolf. Your headbutt misses the wolf.
The wolf is heavily wounded.
The wolf barely misses you.
You closely miss the wolf. Your kick misses the wolf.
Your tail-slap misses the wolf.
The wolf is heavily wounded.
Your transformation is almost over.
The wolf closely misses you. The wolf bites you!
You closely miss the wolf. Your kick misses the wolf.
The wolf is heavily wounded.
The wolf completely misses you.
You miss the wolf. Your kick misses the wolf.
The wolf is heavily wounded.
The wolf bites you!
* * * LOW HITPOINT WARNING * * *
The wolf bites you!
You die...

▓...#......##
▓..##...†...# .#
▓##.##.##...# .#
##.##.###..# ..#
▓#.####.##..# ...+
▓.###..##..##
#...# ▓#..†..##..#
#....#
###..##..÷##.....#
##..##....#@h....#
#..###..##.#.....#
#..# #.. ####....#
▓▓▓▓ ▓▓▓ ▓▓▓▓▓


You could see a wolf.

Vanquished Creatures
  A human (D)
  4 rats (D)
5 creatures vanquished.

Notes
Turn   | Place    | Note
-------+----------+-------------------------------------------
     0 | D        | mhtbhm the Draconian Transmuter began the quest for the
                  | Orb.
     0 | D        | Reached XP level 1. HP: 16/16 MP: 3/3
   223 | D        | Reached skill level 4 in Unarmed Combat
   223 | D        | Reached XP level 2. HP: 23/23 MP: 1/6
   331 | D        | Learned a level 2 spell: Wereblood
   526 | D        | Slain by a wolf

Illustrated notes

Levels and vault maps discovered:
D:        dungeon_sprint_mu [sprint_mu_entry_cave, sprint_mu_temple_rooms,
          sprint_mu_d1_horrors, sprint_mu_d2_genie, sprint_mu_d3_branching,
          sprint_mu_orc_legion, sprint_mu_elf_gauntlet, sprint_mu_hive_nellie,
          sprint_mu_lair_fedhas, sprint_mu_vaults_butterflies,
          sprint_mu_slime_circle, sprint_mu_swamp_cave, sprint_mu_shoals_archi,
          sprint_mu_blade_basic, sprint_mu_crypt_lich, sprint_mu_tomb_spiral,
          sprint_mu_vestibule_basic, sprint_mu_gehenna_hellfire,
          sprint_mu_dis_giant, sprint_mu_tartarus_statrot,
          sprint_mu_cocytus_islands, sprint_mu_zot1]

Skill      XL: |  1 |
---------------+----+-----
Dodging        | 2 |  2.4
Unarmed Combat | 4 |  4.6
Spellcasting   | 3 |  3.0
Transmutations | 3 |  3.0
Fighting       | |  1.2

Action                   || total
-------------------------++-------
Melee: Unarmed           ||    25
       Kick              ||     4
       Tailslap          ||     3
       Headbutt          ||     2
 Cast: Beastly Appendage ||     8
       Wereblood         ||     1
  Use: Potion            ||     1
Armor: Skin              ||     3
Dodge: Dodged            ||    14

Table legend: (Time is in decaauts)
 A = Elapsed time spent in this place.
 B = Non-inter-level travel time spent in this place.
 C = Inter-level travel time spent in this place.
 D = Time resting spent in this place.
 E = Time spent auto-exploring this place.
 F = Levels seen in this place.
 G = Mean time per level.
                   A        B        C        D        E       F      G
               +--------+--------+--------+--------+--------+-----+--------+
         Total |    529 |    529 |      0 |    420 |     46 |   1 |  529.0 |
       Dungeon |    529 |    529 |      0 |    420 |     46 |   1 |  529.0 |
               +--------+--------+--------+--------+--------+-----+--------+

Top non-repeatable levels by time:
       D: 529 daAuts
